 Dungeon Crawl Stone Soup version 0.31-a0-691-g409c26aa35 (webtiles) character file.

Game seed: 16152080011509468560

145 qw the Shooter (level 5, -5/32 HPs)
             Began as a Gargoyle Hunter on Sept 6, 2023.
             Slain by a gnoll
             ... wielding a +0 flail
              (8 damage)
             ... on level 3 of the Dungeon.
             The game lasted 00:00:40 (1696 turns).

qw the Shooter (Gargoyle Hunter)                    Turns: 1696, Time: 00:00:42

Health: -5/32      AC:  9    Str: 14    XL:     5   Next: 27%
Magic:  5/5        EV: 15    Int: 10    God:
Gold:   140        SH:  0    Dex: 15    Spells: 4/4 levels left

rFire   . . .        Y - +0 shortbow (freeze)
rCold   . . .        (shield currently unavailable)
rNeg    + . .        f - +0 ring mail
rPois   inf          (no helmet)
rElec   +            (no cloak)
rCorr   .            (no gloves)
SInv    .            (no boots)
Will    .....        (no amulet)
Stlth   +            c - +5 ring of evasion
HPRegen 0.25/turn    (no ring)
MPRegen 0.09/turn

%: no passive effects
@: about to teleport
A: sickness immunity, AC +4, negative energy resistance 1, electricity
resistance, torment resistance 1, petrification resistance
a: no special abilities


You were on level 3 of the Dungeon.
You visited 1 branch of the dungeon, and saw 3 of its levels.

You collected 140 gold pieces.


Innate Abilities, Weirdness & Mutations

You are immune to sickness and miasma.
Your stone body is resilient. (AC +4)
You are immune to poison.
You resist negative energy. (rN+)
You are resistant to electric shocks. (rElec)
You are resistant to unholy torment.
You are immune to petrification.


   Skills:
 - Level 3.5 Fighting
 + Level 5.6 Ranged Weapons
 - Level 1.0 Armour
 - Level 1.5 Dodging
 - Level 1.1 Stealth


You had 4 spell levels left.
You didn't know any spells.
Your spell library was empty.

Inventory:

Hand Weapons
 Y - a +0 shortbow of freezing (weapon)
Armour
 f - a +0 ring mail (worn)
Jewellery
 c - a +5 ring of evasion (left hand)
Scrolls
 a - a scroll of teleportation
 b - a scroll of fog {unknown}
Potions
 d - a potion of curing {unknown}
 g - a potion of ambrosia {unknown}

Dungeon Overview and Level Annotations

Branches:
Dungeon (3/15)

Altars:
Elyvilon
Zin


Message History

You now have 140 gold pieces (gained 15).
Things that are here:
a +0 spear; a gnoll corpse
Found 9 stones.
A gnoll comes into view. It is wielding a +0 flail.
You shoot an arrow. The arrow closely misses the gnoll.
The gnoll shouts!
You shoot an arrow. The arrow barely misses the gnoll.
You shoot an arrow.
The arrow hits the gnoll but does no damage.
You shoot an arrow. The arrow barely misses the gnoll.
The gnoll hits you with a +0 flail!
You shoot an arrow. The arrow hits the gnoll.
The arrow freezes the gnoll.
The gnoll is moderately wounded.
The gnoll closely misses you.
You shoot an arrow. The arrow closely misses the gnoll.
The gnoll misses you.
You shoot an arrow.
The arrow hits the gnoll but does no damage.
The gnoll is moderately wounded.
The gnoll hits you with a +0 flail!
You shoot an arrow. The arrow closely misses the gnoll.
The gnoll hits you with a +0 flail. The gnoll closely misses you.
You shoot an arrow. The arrow hits the gnoll.
The arrow freezes the gnoll.
The gnoll is severely wounded.
The gnoll closely misses you.
You shoot an arrow.
The arrow hits the gnoll but does no damage.
The gnoll is severely wounded.
The gnoll hits you with a +0 flail.
You shoot an arrow. The arrow hits the gnoll.
The arrow freezes the gnoll.
The gnoll is severely wounded.
The gnoll barely misses you.
You shoot an arrow. The arrow barely misses the gnoll.
The gnoll hits you with a +0 flail!
1696 ||| READING 2 scrolls of teleportation.
As you read the scroll of teleportation, it crumbles to dust.
You feel strangely unstable. The gnoll hits you with a +0 flail!
You die...

.. ##...###+##
#.......... #
#######..........
#.###+#...(.+..........
#....g@.#####..........
#.......# #..........
#.......#####.........%
#.................<....
#.............#########
#.........)...# #..
#....##........# #..
#.... #........# #..
... #........# #..


You could see a gnoll.

Vanquished Creatures
  A howler monkey (D:2)
  2 gnolls (D:3)
  4 adders (D:2)
  A worm (D:2)
  2 dart slugs (D:1)
  5 bats
  3 endoplasms
  4 giant cockroaches
  A goblin (D:1)
  4 hobgoblins
  4 kobolds
  4 quokkas
  8 ball pythons
  4 frilled lizards
  A rat (D:3)
48 creatures vanquished.

Notes
Turn   | Place    | Note
-------+----------+-------------------------------------------
     0 | D:1      | qw the Gargoyle Hunter began the quest for the Orb.
     0 | D:1      | Reached XP level 1. HP: 12/12 MP: 1/1
     0 | D:1      | 0 ||| qw: Version: 0.3-a-76-g4403597
     0 | D:1      | 0 ||| qw: Game counter: 2
     0 | D:1      | 0 ||| qw: Melee chars always use a shield: true
     0 | D:1      | 0 ||| qw: God list: Okawaru
     0 | D:1      | 0 ||| qw: Allow faded altars: false
     0 | D:1      | 0 ||| qw: Do Orc after clearing Dungeon:15 true
     0 | D:1      | 0 ||| qw: Do second Lair branch before Depths: true
     0 | D:1      | 0 ||| qw: Lair rune preference: random
     0 | D:1      | 0 ||| qw: Goals: Normal
     0 | D:1      | 0 ||| PLANNING D:1-11
   139 | D:1      | Reached XP level 2. HP: 17/17 MP: 2/2
   298 | D:1      | Reached XP level 3. HP: 21/21 MP: 3/3
   574 | D:1      | 574 ||| UPGRADING to +0 ring mail.
   584 | D:1      | 584 ||| DROPPING +0 leather armour.
   585 | D:1      | 585 ||| READING 2 scrolls labelled TIXTON XOEHIR.
   590 | D:1      | 590 ||| DROPPING scroll of butterflies.
   664 | D:2      | Reached skill level 1 in Armour
   679 | D:2      | Reached skill level 5 in Ranged Weapons
   916 | D:2      | Reached skill level 3 in Fighting
   916 | D:2      | Reached XP level 4. HP: 24/28 MP: 4/4
  1332 | D:2      | Found a white marble altar of Elyvilon.
  1414 | D:2      | Found a faded altar of an unknown god.
  1414 | D:2      | Noticed a chaos spawn
  1435 | D:2      | Reached XP level 5. HP: 32/32 MP: 5/5
  1468 | D:2      | 1468 ||| UPGRADING to +5 ring of evasion.
  1469 | D:2      | 1469 ||| READING scroll labelled OSUEFRIQETS.
  1470 | D:2      | 1470 ||| READING scroll labelled AGOH NYOGEOSS.
  1471 | D:2      | 1471 ||| READING scroll labelled QACIYM GUMUI.
  1562 | D:3      | Found a glowing silver altar of Zin.
  1695 | D:3      | HP: 3/32 [gnoll/+0 flail (7)]
  1696 | D:3      | 1696 ||| READING 2 scrolls of teleportation.
  1696 | D:3      | Slain by a gnoll

Levels and vault maps discovered:
D:1:      dpeg_arrival_windows_large_door, layout_rooms, minivault_4,
          minmay_splitting_lines
D:2:      layout_loops_corners, basic_altar,
          dreamdust_ecumenical_altar_sealed_demon
D:3:      layout_basic, mainiacjoe_overflow_concentric_impassable, uniq_grinder

Skill      XL: |  1  2  3 |
---------------+----------+-----
Armour         | 1 |  1.0
Ranged Weapons | 5 |  5.6
Fighting       | 3 |  3.5
Dodging        | |  1.5
Stealth        | |  1.1

Action                     |  1- 3 |  4- 6 || total
---------------------------+-------+-------++-------
   Fire: Shortbow          |   101 |    67 ||   168
    Use: Scroll            |     1 |     4 ||     5
 Armour: Leather armour    |     8 |       ||     8
         Ring mail         |    15 |    22 ||    37
  Dodge: Dodged            |    20 |    15 ||    35

Table legend:
 A = Non-vault XP
 B = Vault XP
 C = Vault XP percentage of total XP
 D = Non-vault monster count
 E = Vault monster count
 F = Vault count percentage of total count
                 A         B        C        D         E       F
            +---------+---------+-------+---------+---------+-------
      Total |     208 |       0 |   0.0 |      48 |       0 |   0.0
            +---------+---------+-------+---------+---------+-------
        D:1 |      35 |       0 |   0.0 |      17 |       0 |   0.0
        D:2 |     134 |       0 |   0.0 |      22 |       0 |   0.0
        D:3 |      39 |       0 |   0.0 |       9 |       0 |   0.0
            +---------+---------+-------+---------+---------+-------
